AoeStats
← DeltaOrion

Arena

509561642Analyzed
4v4 RM · 4d ago on Sep 27, 2026· 36m 24s· 8 players
Game mode
Random Map
Map size
Large (8 player)
Population
200
Speed
Normal
Resources
Standard
Victory
Conquest
Starting age
Dark Age
Ending age
Imperial Age
RankedLock teamsTeams togetherTeam positionsShared explorationLock speedFull tech treeHidden civsTurbo modeCheats
Victory
Defeat
🇻🇳 Huns · Vietnam
1339
+13
🇨🇳 Slavs · China
1262
+16
🇭🇰 Varangians · Hong Kong SAR China
1252
+16
🇹🇼 Britons · Taiwan
1205
+19
🇹🇷 Varangians · Türkiye
1302
-18
🇲🇽 Mongols · Mexico
1279
-17
🇦🇺 Persians · Australia
1236
-15
🇺🇸 Bohemians · United States
1219
-14
2110316511
10:50 Feudal Age
11:51 Double-Bit Axe
14:30 Castle Age
13:40 Horse Collar
15:32 Bow Saw
15:24 Heavy Plow
21:16 Wheelbarrow
23:48 Hand Cart
24:29 Loom
25:30 Gold Mining
25:31 Stone Mining
26:19 Scale Mail Armor
26:30 Forging
30:16 Imperial Age
28:06 Chain Mail Armor
28:26 Iron Casting
27:13 Man-at-Arms
27:54 Squires
29:11 Gold Shaft Mining
28:03 Long Swordsman
30:18 Two-Handed Swordsman
31:01 Druzhina
31:22 Conscription
30:25 Pikeman
30:30 Capped Ram
31:42 Plate Mail Armor
32:13 Blast Furnace
31:15 Champion
32:07 Halberdier
33:25 Siege Ram
34:39 Fletching
35:23 Crop Rotation
35:55 Two-Man Saw
35:23 Siege Engineers
35:31 Masonry
36:42 Coinage
Theodore
10:26 Feudal Age
14:33 Castle Age
12:53 Double-Bit Axe
13:18 Horse Collar
14:04 Loom
23:31 Forging
26:48 Iron Casting
27:01 Bloodlines
26:51 Husbandry
27:17 Scale Barding Armor
28:21 Town Watch
29:15 Wheelbarrow
28:54 Husbandry
29:35 Bow Saw
29:38 Heavy Plow
30:13 Gold Mining
30:13 Stone Mining
32:22 Hand Cart
32:46 Chain Barding Armor
33:12 Stone Shaft Mining
37:21 Imperial Age
姜午陽
0:40 Loom
11:26 Feudal Age
15:30 Castle Age
14:25 Double-Bit Axe
15:06 Fletching
15:38 Crossbowman
19:54 Padded Archer Armor
21:43 Bodkin Arrow
31:27 Leather Archer Armor
36:52 Ballistics
Ky
10:35 Feudal Age
14:58 Castle Age
12:46 Double-Bit Axe
12:46 Horse Collar
14:18 Gold Mining
14:30 Stone Mining
16:39 Bow Saw
18:31 Heavy Plow
21:55 Wheelbarrow
24:37 Scale Barding Armor
26:37 Chain Barding Armor
26:27 Forging
30:07 Imperial Age
28:55 Hand Cart
29:35 Iron Casting
29:10 Marauders
31:01 Gold Shaft Mining
30:14 Elite Tarkan
32:02 Blast Furnace
31:43 Plate Barding Armor
30:55 Loom
30:56 Town Watch
32:00 Conscription
32:51 Two-Man Saw
32:50 Bloodlines
32:40 Husbandry
33:47 Caravan
34:15 Fletching
cedric
10:46 Feudal Age
14:21 Castle Age
12:41 Double-Bit Axe
12:37 Horse Collar
14:11 Loom
15:41 Bow Saw
22:46 Wheelbarrow
22:03 Town Watch
25:48 Pikeman
27:10 Fletching
30:07 Imperial Age
27:56 Hand Cart
30:43 Fortified Wall
31:34 Chemistry
33:32 Bodkin Arrow
35:35 Murder Holes
Naco y Estúpido
3:48 Loom
22:27 Feudal Age
Gen ALPHA RIZZLER 67
10:41 Feudal Age
10:58 Loom
14:28 Castle Age
12:31 Double-Bit Axe
17:38 Horse Collar
24:12 Bow Saw
26:14 Scale Barding Armor
27:32 Chain Barding Armor
27:23 Forging
27:08 Gold Mining
27:27 Heavy Plow
27:50 Bloodlines
28:53 Wheelbarrow
33:34 Imperial Age
31:20 Hand Cart
32:16 Iron Casting
32:35 Stone Mining
34:13 Gothikon
35:11 Scale Mail Armor
34:51 Elite Varangian Guard
36:29 Conscription
36:45 Chain Mail Armor
DeltaOrion
12:24 Feudal Age
16:10 Castle Age
14:28 Double-Bit Axe
14:27 Horse Collar
17:12 Bow Saw
19:15 Scale Barding Armor
19:20 Forging
21:57 Wheelbarrow
22:40 Bloodlines
24:28 Husbandry
28:10 Iron Casting
27:55 Chain Barding Armor
28:28 Gold Mining
28:28 Stone Mining
28:54 Hand Cart
28:35 Town Watch
30:29 Heavy Plow
36:29 Imperial Age
34:26 Ballistics
Connection lost

Rejoining the realm…

Still unreachable

The connection could not be restored.

Session expired

The server has moved on; the page needs a fresh start.